3AA
SAN BERNARDINO GRASSHOPPERS @ YAKIMA HOPS
08/30/2032
 
TOP OF THE 1ST
San Bernardino Grasshoppers batting - Pitching for Yakima Hops : LHP Clay Pryor
Pitching: LHP Clay Pryor
Batting: LHB Jesús Hernández 0-0: Bunted foul
0-1: Called Strike
0-2: Ball
1-2: Fly out, F6 (Flyball, 56D)
Batting: RHB Ronald Comejo 0-0: SINGLE (Flyball, 8RS)
Batting: RHB Cisco Feijoo 0-0: Ball
1-0: Called Strike
Ronald Comejo steals 2nd base
1-1: Ball
2-1: Foul Ball, location: 2F
2-2: Ball
3-2: Foul Ball, location: 2F
3-2: Base on Balls
Batting: RHB Jouo Hirschovits 0-0: Swinging Strike
0-1: Foul Ball, location: 2F
0-2: Strikes out swinging
Batting: RHB Reinaart Manshert 0-0: Fly out, F8 (Flyball, 8RD)
Top of the 1st over - 0 runs, 1 hit, 0 errors, 2 left on base; San Bernardino 0 - Yakima 0
BOTTOM OF THE 1ST
Yakima Hops batting - Pitching for San Bernardino Grasshoppers : RHP Desiderio Toccafundo
Pitching: RHP Desiderio Toccafundo
Batting: RHB Giuseppe Provolone 0-0: Called Strike
0-1: Ground out U3 (Groundball, 3)
Batting: RHB Cristián Coronado 0-0: Ball
1-0: Called Strike
1-1: Ball
2-1: Fly out, F5 (Line Drive, 5L)
Batting: RHB Gérard Chesnutt 0-0: Called Strike
0-1: SINGLE (Line Drive, 6MD)
Batting: RHB Bob Houghton 0-0: Called Strike
0-1: Ball
Wild Pitch!
Gérard Chesnutt to second
1-1: Swinging Strike
1-2: Ground out 5-3 (Groundball, 56)
Bottom of the 1st over - 0 runs, 1 hit, 0 errors, 1 left on base; San Bernardino 0 - Yakima 0
TOP OF THE 2ND
San Bernardino Grasshoppers batting - Pitching for Yakima Hops : LHP Clay Pryor
Batting: LHB Joe Ellison 0-0: Called Strike
0-1: Fly out, F7 (Flyball, 7)
Batting: RHB Edgardo Bello 0-0: Ball
1-0: Ball
2-0: Ball
3-0: Called Strike
3-1: Base on Balls
Batting: LHB Víctor Fortis 0-0: Foul Ball, location: 2F
0-1: Ball
1-1: Ball
2-1: Foul Ball, location: 2F
2-2: Ball
3-2: Strikes out swinging
Batting: LHB Luis García 0-0: Foul Ball, location: 2F
0-1: Ball
1-1: Ball
Wild Pitch!
Edgardo Bello to second
2-1: SINGLE (Groundball, 6) (infield hit)
Edgardo Bello to third
Batting: LHB Jesús Hernández 0-0: Ball
1-0: Foul Ball, location: 2F
1-1: Foul Ball, location: 2F
1-2: Foul Ball, location: 2F
1-2: Strikes out swinging
Top of the 2nd over - 0 runs, 1 hit, 0 errors, 2 left on base; San Bernardino 0 - Yakima 0
BOTTOM OF THE 2ND
Yakima Hops batting - Pitching for San Bernardino Grasshoppers : RHP Desiderio Toccafundo
Batting: LHB Mo Wyndham 0-0: Foul Ball, location: 2F
0-1: Called Strike
0-2: SINGLE (Flyball, 9S)
Batting: RHB Tom Woolever 0-0: Ball
1-0: Fly out, F5 (Popup, 56S)
Batting: LHB Jesús De Jesús 0-0: Fly out, F9 (Flyball, 9LSF)
Batting: RHB Mike Capes 0-0: Called Strike
0-1: Ball
1-1: Ground out 6-3 (Groundball, 6S)
Bottom of the 2nd over - 0 runs, 1 hit, 0 errors, 1 left on base; San Bernardino 0 - Yakima 0
TOP OF THE 3RD
San Bernardino Grasshoppers batting - Pitching for Yakima Hops : LHP Clay Pryor
Batting: RHB Ronald Comejo 0-0: Ball
1-0: Foul Ball, location: 2F
1-1: Foul Ball, location: 2F
1-2: Ball
2-2: Ball
3-2: Ground out 5-3 (Groundball, 56S)
Batting: RHB Cisco Feijoo 0-0: Ground out 5-3 (Groundball, 56S)
Batting: RHB Jouo Hirschovits 0-0: Ball
1-0: Ball
2-0: Ball
3-0: Called Strike
3-1: Called Strike
3-2: Base on Balls
Batting: RHB Reinaart Manshert 0-0: Called Strike
0-1: Fly out, F8 (Flyball, 78XD)
Top of the 3rd over - 0 runs, 0 hits, 0 errors, 1 left on base; San Bernardino 0 - Yakima 0
BOTTOM OF THE 3RD
Yakima Hops batting - Pitching for San Bernardino Grasshoppers : RHP Desiderio Toccafundo
Batting: RHB Mikael Evangjeli 0-0: Ground out 5-3 (Groundball, 56)
Batting: RHB Giuseppe Provolone 0-0: Ball
1-0: Foul Ball, location: 2F
1-1: Ball
2-1: Called Strike
2-2: Foul Ball, location: 2F
2-2: Ball
3-2: Strikes out swinging
Batting: RHB Cristián Coronado 0-0: Ball
1-0: Foul Ball, location: 2F
1-1: Foul Ball, location: 2F
1-2: Ball
2-2: Ball
3-2: DOUBLE (Line Drive, 9LD)
Batting: RHB Gérard Chesnutt 0-0: Ball
1-0: Called Strike
1-1: Ground out 4-3 (Groundball, 4)
Bottom of the 3rd over - 0 runs, 1 hit, 0 errors, 1 left on base; San Bernardino 0 - Yakima 0
TOP OF THE 4TH
San Bernardino Grasshoppers batting - Pitching for Yakima Hops : LHP Clay Pryor
Batting: LHB Joe Ellison 0-0: Ball
1-0: Ball
2-0: Called Strike
2-1: Ball
3-1: Base on Balls
Batting: RHB Edgardo Bello 0-0: Ball
Joe Ellison steals 2nd base
1-0: Foul Ball, location: 2F
1-1: Swinging Strike
1-2: SINGLE (Flyball, 78S)
Joe Ellison to third
Batting: LHB Víctor Fortis 0-0: Fly out, F9 (Flyball, 9S)
Batting: LHB Luis García 0-0: Foul Ball, location: 2F
0-1: Ball
1-1: Swinging Strike
1-2: Strikes out swinging
Batting: LHB Jesús Hernández 0-0: Ball
1-0: Ball
2-0: Called Strike
2-1: Ball
3-1: Foul Ball, location: 2F
3-2: Foul Ball, location: 2F
3-2: Foul Ball, location: 2F
3-2: Base on Balls
Edgardo Bello to second
Batting: RHB Ronald Comejo 0-0: Ball
Wild Pitch!
Joe Ellison scores
Edgardo Bello to third
Jesús Hernández to second
1-0: Ball
2-0: Foul Ball, location: 2F
2-1: SINGLE (Line Drive, 89M)
Edgardo Bello scores
Jesús Hernández to third
Runner from 3rd tries for Home, SAFE, no throw
Batting: RHB Cisco Feijoo 0-0: Ball
1-0: Foul Ball, location: 2F
1-1: Called Strike
Ronald Comejo steals 2nd base
1-2: Ball
2-2: SINGLE (Flyball, 7S)
Ronald Comejo to third
Runner from 3rd tries for Home, SAFE, no throw
Batting: RHB Jouo Hirschovits 0-0: Ball
1-0: Foul Ball, location: 2F
1-1: Ball
2-1: Called Strike
2-2: Ground out 4-3 (Groundball, 4)
Top of the 4th over - 4 runs, 3 hits, 0 errors, 1 left on base; San Bernardino 4 - Yakima 0
BOTTOM OF THE 4TH
Yakima Hops batting - Pitching for San Bernardino Grasshoppers : RHP Desiderio Toccafundo
Batting: RHB Bob Houghton 0-0: Foul Ball, location: 2F
0-1: Fly out, F7 (Flyball, 78S)
Batting: LHB Mo Wyndham 0-0: Called Strike
0-1: Ball
1-1: Ball
2-1: Foul Ball, location: 2F
2-2: Fly out, F4 (Flyball, 34D)
Batting: RHB Tom Woolever 0-0: Called Strike
0-1: Ball
1-1: Fly out, F8 (Flyball, 89M)
Bottom of the 4th over - 0 runs, 0 hits, 0 errors, 0 left on base; San Bernardino 4 - Yakima 0
TOP OF THE 5TH
San Bernardino Grasshoppers batting - Pitching for Yakima Hops : LHP Clay Pryor
Batting: RHB Reinaart Manshert 0-0: Called Strike
0-1: Swinging Strike
0-2: Strikes out swinging, 2-3 out at first.
Pitching: RHP Héctor Navarro
Batting: LHB Joe Ellison 0-0: Called Strike
0-1: Swinging Strike
0-2: Foul Ball, location: 2F
0-2: Ball
1-2: Ball
2-2: Strikes out looking
Batting: RHB Edgardo Bello 0-0: Ball
1-0: Called Strike
1-1: Ball
2-1: Ball
3-1: Base on Balls
Batting: LHB Víctor Fortis 0-0: Foul Ball, location: 2F
0-1: Ball
1-1: Ball
2-1: Ball
3-1: Base on Balls
Edgardo Bello to second
Batting: LHB Luis García 0-0: Ball
1-0: Foul Ball, location: 2F
1-1: Ball
2-1: Ball
3-1: Base on Balls
Edgardo Bello to third
Víctor Fortis to second
Batting: LHB Jesús Hernández 0-0: Ball
1-0: Fielders Choice at 2nd, 5-4 (Groundball, 56)
Top of the 5th over - 0 runs, 0 hits, 0 errors, 3 left on base; San Bernardino 4 - Yakima 0
BOTTOM OF THE 5TH
Yakima Hops batting - Pitching for San Bernardino Grasshoppers : RHP Desiderio Toccafundo
Batting: LHB Jesús De Jesús 0-0: Ball
1-0: Ball
2-0: Fly out, F9 (Flyball, 9LS)
Batting: RHB Mike Capes 0-0: Swinging Strike
0-1: Ground out 6-3 (Groundball, 6)
Batting: RHB Mikael Evangjeli 0-0: Called Strike
0-1: Ball
1-1: Foul Ball, location: 2F
1-2: Ball
2-2: Strikes out swinging
Bottom of the 5th over - 0 runs, 0 hits, 0 errors, 0 left on base; San Bernardino 4 - Yakima 0
TOP OF THE 6TH
San Bernardino Grasshoppers batting - Pitching for Yakima Hops : RHP Héctor Navarro
Batting: RHB Ronald Comejo 0-0: Ball
1-0: Foul Ball, location: 2F
1-1: SINGLE (Groundball, 6MD)
Batting: RHB Cisco Feijoo 0-0: Ball
1-0: Swinging Strike
1-1: Foul Ball, location: 2F
1-2: 2-RUN HOME RUN (Flyball, 78XD), Distance : 428 ft
Batting: RHB Jouo Hirschovits 0-0: Called Strike
0-1: Ball
1-1: SOLO HOME RUN (Flyball, 7D), Distance : 393 ft
Batting: RHB Reinaart Manshert 0-0: Ball
1-0: Foul Ball, location: 2F
1-1: Ball
2-1: SOLO HOME RUN (Flyball, 78XD), Distance : 426 ft
Batting: LHB Joe Ellison 0-0: Ball
1-0: Called Strike
1-1: Swinging Strike
1-2: Foul Ball, location: 2F
1-2: Foul Ball, location: 2F
1-2: Strikes out looking
Batting: RHB Edgardo Bello 0-0: Ball
1-0: DOUBLE (Line Drive, 78XD)
Batting: LHB Víctor Fortis 0-0: Ball
1-0: Called Strike
1-1: SINGLE (Line Drive, 78S)
Edgardo Bello to third
Batting: LHB Luis García 0-0: Called Strike
0-1: Ball
1-1: Ball
2-1: Foul Ball, location: 2F
2-2: Foul Ball, location: 2F
2-2: Foul Ball, location: 2F
2-2: Ball
3-2: Fly out, F9 (Flyball, 9LMF)
Batting: LHB Jesús Hernández 0-0: SINGLE (Groundball, 4S) (infield hit)
Edgardo Bello scores
Víctor Fortis to second
Batting: RHB Ronald Comejo 0-0: Ball
1-0: Foul Ball, location: 2F
1-1: Foul Ball, location: 2F
1-2: Ball
2-2: Fly out, F8 (Flyball, 89M)
Top of the 6th over - 5 runs, 7 hits, 0 errors, 2 left on base; San Bernardino 9 - Yakima 0
BOTTOM OF THE 6TH
Yakima Hops batting - Pitching for San Bernardino Grasshoppers : RHP Desiderio Toccafundo
Batting: RHB Giuseppe Provolone 0-0: Foul Ball, location: 2F
0-1: Fly out, F8 (Flyball, 89M)
Batting: RHB Cristián Coronado 0-0: Ground out 6-3 (Groundball, 6)
Batting: RHB Gérard Chesnutt 0-0: Called Strike
0-1: Foul Ball, location: 2F
0-2: Ball
1-2: Ball
2-2: Ball
3-2: Foul Ball, location: 2F
3-2: Foul Ball, location: 2F
3-2: Foul Ball, location: 2F
3-2: Fly out, F9 (Flyball, 9S)
Bottom of the 6th over - 0 runs, 0 hits, 0 errors, 0 left on base; San Bernardino 9 - Yakima 0
TOP OF THE 7TH
San Bernardino Grasshoppers batting - Pitching for Yakima Hops : RHP Héctor Navarro
Pitching: RHP Marvin Cahill
Batting: RHB Cisco Feijoo 0-0: Called Strike
0-1: Swinging Strike
0-2: Strikes out swinging
Batting: RHB Jouo Hirschovits 0-0: Ball
1-0: SINGLE (Groundball, 6D)
Batting: RHB Reinaart Manshert 0-0: Called Strike
0-1: Ball
1-1: Ball
2-1: Swinging Strike
2-2: Fly out, F8 (Flyball, 8LM)
Batting: LHB Joe Ellison 0-0: Called Strike
Jouo Hirschovits steals 2nd base
0-1: Foul Ball, location: 2F
0-2: Ball
1-2: Strikes out swinging
Top of the 7th over - 0 runs, 1 hit, 0 errors, 1 left on base; San Bernardino 9 - Yakima 0
BOTTOM OF THE 7TH
Yakima Hops batting - Pitching for San Bernardino Grasshoppers : RHP Desiderio Toccafundo
Batting: RHB Bob Houghton 0-0: Ground out U3 (Groundball, 34)
Batting: LHB Mo Wyndham 0-0: Ball
1-0: SINGLE (Groundball, 6MD)
Batting: RHB Tom Woolever 0-0: Called Strike
0-1: Fly out, F3 (Popup, 3)
Batting: LHB Jesús De Jesús 0-0: Ball
1-0: Called Strike
1-1: Foul Ball, location: 2F
1-2: Ball
2-2: Ball
3-2: Foul Ball, location: 2F
3-2: Foul Ball, location: 2F
3-2: Ground out U3 (Groundball, 3)
Bottom of the 7th over - 0 runs, 1 hit, 0 errors, 1 left on base; San Bernardino 9 - Yakima 0
TOP OF THE 8TH
San Bernardino Grasshoppers batting - Pitching for Yakima Hops : RHP Marvin Cahill
Batting: RHB Edgardo Bello 0-0: Ball
1-0: Ball
2-0: Foul Ball, location: 2F
2-1: Swinging Strike
2-2: Foul Ball, location: 2F
2-2: Ball
3-2: SINGLE (Groundball, 56D)
Batting: LHB Víctor Fortis 0-0: Ball
1-0: Ball
2-0: Ball
3-0: Base on Balls
Edgardo Bello to second
Batting: LHB Luis García 0-0: Foul Ball, location: 2F
0-1: Foul Ball, location: 2F
0-2: Ball
1-2: Ball
2-2: Ball
3-2: Strikes out looking
Batting: LHB Jesús Hernández 0-0: Ball
1-0: Fly out, F9 (Flyball, 9D)
Runner from 2nd tags up, SAFE at 3rd, no throw
Batting: RHB Ronald Comejo 0-0: Called Strike
0-1: Swinging Strike
0-2: Ball
1-2: Foul Ball, location: 2F
1-2: Fly out, F5 (Line Drive, 5S)
Top of the 8th over - 0 runs, 1 hit, 0 errors, 2 left on base; San Bernardino 9 - Yakima 0
BOTTOM OF THE 8TH
Yakima Hops batting - Pitching for San Bernardino Grasshoppers : RHP Desiderio Toccafundo
Batting: RHB Mike Capes 0-0: Foul Ball, location: 2F
0-1: Fly out, F7 (Line Drive, 78D)
Batting: RHB Mikael Evangjeli 0-0: Fly out, F8 (Flyball, 8RM)
Batting: RHB Giuseppe Provolone 0-0: Swinging Strike
0-1: Foul Ball, location: 2F
0-2: Strikes out looking
Bottom of the 8th over - 0 runs, 0 hits, 0 errors, 0 left on base; San Bernardino 9 - Yakima 0
TOP OF THE 9TH
San Bernardino Grasshoppers batting - Pitching for Yakima Hops : RHP Marvin Cahill
Batting: RHB Cisco Feijoo 0-0: Ball
1-0: SINGLE (Groundball, 56D)
Batting: RHB Jouo Hirschovits 0-0: Ball
1-0: Fly out, F9 (Flyball, 9S)
Batting: RHB Reinaart Manshert 0-0: Ball
1-0: Called Strike
1-1: Called Strike
1-2: Ball
Cisco Feijoo is caught stealing 2nd base
2-2: Strikes out swinging
Top of the 9th over - 0 runs, 1 hit, 0 errors, 0 left on base; San Bernardino 9 - Yakima 0
BOTTOM OF THE 9TH
Yakima Hops batting - Pitching for San Bernardino Grasshoppers : RHP Desiderio Toccafundo
Batting: RHB Cristián Coronado 0-0: Ball
1-0: Called Strike
1-1: Swinging Strike
1-2: Ground out 6-3 (Groundball, 6)
Batting: RHB Gérard Chesnutt 0-0: Ground out 5-3 (Groundball, 5)
Batting: RHB Bob Houghton 0-0: SINGLE (Groundball, 34D)
Batting: LHB Mo Wyndham 0-0: Ball
1-0: Called Strike
1-1: Ball
2-1: SINGLE (Line Drive, 89S)
Bob Houghton to second
Batting: RHB Tom Woolever 0-0: Called Strike
0-1: Foul Ball, location: 2F
0-2: Ball
1-2: Ball
2-2: SINGLE (Groundball, 5D)
Bob Houghton to third
Mo Wyndham to second
Batting: LHB Jesús De Jesús 0-0: Called Strike
0-1: Ball
1-1: Ball
2-1: Ground out U3 (Groundball, 3)
Bottom of the 9th over - 0 runs, 3 hits, 0 errors, 3 left on base; San Bernardino 9 - Yakima 0
Wednesday, September 19th, 2018 - OOTP Baseball 18.8 Build 76